AoeStats
← Navix de los Bosques de Lituania

Arabia

504353676Analyzed
2v2 RM · 27d ago on Sep 5, 2026· 48m 18s· 4 players
Game mode
Random Map
Map size
Medium (4 player)
Population
200
Speed
Normal
Resources
Standard
Victory
Conquest
Starting age
Dark Age
Ending age
Imperial Age
RankedLock teamsTeams togetherTeam positionsShared explorationLock speedFull tech treeHidden civsTurbo modeCheats
Victory
Defeat
🇨🇱 Muisca · Chile
904
+9
🇨🇱 Inca · Chile
666
+17
🇨🇴 Persians · Colombia
730
-14
706
-12
lerbismancillag
0:29 Loom
9:32 Feudal Age
9:58 Horse Collar
10:06 Double-Bit Axe
10:26 Champi Runner
14:06 Scale Mail Armor
15:15 Forging
17:18 Fletching
20:32 Wheelbarrow
22:59 Castle Age
21:20 Gold Mining
21:35 Stone Mining
23:36 Champi Warrior
24:17 Squires
24:57 Iron Casting
24:38 Chain Mail Armor
28:42 Town Watch
30:14 Crossbowman
31:15 Heavy Plow
32:53 Hand Cart
33:06 Padded Archer Armor
36:02 Thumb Ring
43:48 Imperial Age
41:51 Bodkin Arrow
45:31 Conscription
44:46 Elite Temple Guard
49:30 Chemistry
Gonzaga
0:39 Loom
10:25 Feudal Age
10:55 Town Watch
11:01 Double-Bit Axe
11:12 Gold Mining
14:03 Forging
13:46 Fletching
15:33 Forging
15:48 Champi Runner
16:40 Horse Collar
25:28 Castle Age
26:27 Heavy Plow
26:17 Crossbowman
27:27 Bow Saw
28:28 Champi Warrior
36:52 Wheelbarrow
36:55 Gold Shaft Mining
36:26 Squires
39:17 Scale Mail Armor
40:06 Pikeman
41:26 Stone Mining
42:32 Bodkin Arrow
43:14 Elite Skirmisher
47:06 Thumb Ring
47:11 Town Patrol
Navix de los Bosques de Lituania
3:49 Loom
10:30 Feudal Age
10:37 Man-at-Arms
11:03 Arson
13:01 Long Swordsman
21:05 Scale Mail Armor
22:24 Padded Archer Armor
23:07 Fletching
23:29 Horse Collar
24:57 Forging
33:19 Castle Age
34:01 Wheelbarrow
33:14 Double-Bit Axe
33:29 Gold Mining
34:19 Gambesons
34:36 Squires
34:00 Elite Skirmisher
35:12 Chain Mail Armor
37:22 Leather Archer Armor
37:02 Bodkin Arrow
37:44 Iron Casting
37:53 Hand Cart
Derzer
9:51 Feudal Age
12:46 Wheelbarrow
12:11 Man-at-Arms
16:09 Double-Bit Axe
16:29 Arson
22:51 Horse Collar
23:37 Bloodlines
29:23 Castle Age
33:27 Stone Mining
34:17 Bow Saw
34:30 Heavy Plow
35:26 Husbandry
35:38 Scale Barding Armor
38:10 Chain Barding Armor
39:14 Forging
41:45 Iron Casting
47:09 Gold Mining
Connection lost

Rejoining the realm…

Still unreachable

The connection could not be restored.

Session expired

The server has moved on; the page needs a fresh start.